 Dungeon Crawl Stone Soup version 0.21-a0-404-g291f19a (webtiles) character file.

60 tof the Chopper (level 4, -1/40 HPs)
             Began as a Hill Orc Monk on Oct 29, 2017.
             Slain by a gnoll
             ... wielding a +0 club
              (6 damage)
             ... on level 2 of the Dungeon.
             The game lasted 00:01:52 (926 turns).

tof the Chopper (Hill Orc Monk)                      Turns: 926, Time: 00:01:53

Health: -1/40      AC:  3    Str: 14    XL:     4   Next: 6%
Magic:  4/4        EV: 12    Int: 10    God:
Gold:   18         SH:  0    Dex: 13    Spells: 3/3 levels left

rFire    . . .     SeeInvis .   d - +2 whip (holy)
rCold    . . .     Gourm    .   (no shield)
rNeg     . . .     Faith    .   o - +0 leather armour
rPois    .         Spirit   .   (no helmet)
rElec    .         Reflect  .   (no cloak)
rCorr    .         Harm     .   (no gloves)
MR       .....                  (no boots)
Stlth    ++........             (no amulet)
HPRegen  0.13/turn              (no ring)
MPRegen  0.09/turn              (no ring)

@: no status effects
A: no striking features
a: no special abilities


You were on level 2 of the Dungeon.
You were not hungry.

You visited 1 branch of the dungeon, and saw 2 of its levels.

You collected 18 gold pieces.

Inventory:

Hand Weapons
 a - a +0 hand axe
 d - a +2 whip of holy wrath (weapon)
Armour
 o - a +0 leather armour (worn)
Scrolls
 g - a scroll of amnesia {unknown}
 m - a scroll of recharging {unknown}
Potions
 e - 4 potions of curing {unknown}
 f - 2 potions of lignification {unknown}
 h - a potion of degeneration {unknown}
 i - a potion of heal wounds {unknown}
 j - a potion of cancellation {unknown}
 k - a potion of might {unknown}
Comestibles
 c - 2 bread rations
 l - a fruit
 n - a meat ration


   Skills:
 + Level 4.0 Fighting
 * Level 4.9 Axes
 * Level 2.1 Armour
 + Level 2.7 Dodging
 - Level 1.5 Stealth


You had 3 spell levels left.
You didn't know any spells.

Dungeon Overview and Level Annotations

Branches:
Dungeon (2/15)

Altars:


Message History

The gnoll hits you with a club.
You closely miss the gnoll.
The gnoll is heavily wounded.
The gnoll misses you.
You hit the gnoll.
The gnoll is severely wounded.
The gnoll closely misses you.
You hit the gnoll.
The gnoll is almost dead.
The gnoll hits you with a club.
* * * LOW HITPOINT WARNING * * *
You hit the gnoll.
The gnoll is almost dead.
The gnoll hits you with a club.
* * * LOW HITPOINT WARNING * * *
You hit the gnoll.
You kill the gnoll!
You have reached level 4!
You barely miss the gnoll. The gnoll hits you with a club.
You die...

#.. #... #<. #..#
#.. #..# #.# #..#
#.# #g.####.# #.#
#........ #.#
#....# #<#
########.# #.#
##....@g..#
#.######...#######
#........#..#
#†######....# #.#
##.#.# #.#
#.#.#######
#.#######.#........
#..................
#################.#


You could see a gnoll.

Vanquished Creatures
  3 gnolls
  2 leopard geckos (D:1)
  7 bats (D:1)
  A giant cockroach (D:1)
  A goblin (D:1)
  2 hobgoblins (D:1)
  2 jackals (D:1)
  A quokka (D:2)
  A frilled lizard (D:1)
  6 kobolds (D:1)
  5 rats (D:1)
31 creatures vanquished.

Notes
Turn   | Place    | Note
-------+----------+-------------------------------------------
     0 | D:1      | tof the Hill Orc Monk began the quest for the Orb.
     0 | D:1      | Reached XP level 1. HP: 19/19 MP: 1/1
    32 | D:1      | Reached skill level 1 in Armour
    32 | D:1      | Reached XP level 2. HP: 12/27 MP: 2/2
   317 | D:1      | Reached XP level 3. HP: 32/33 MP: 3/3
   925 | D:2      | Reached XP level 4. HP: 4/40 MP: 4/4
   926 | D:2      | Slain by a gnoll

Vault maps used:
D:1:      shiori_arrival_oz
D:2:      old_standard_altar, chequers_ecumenical_altar_simple, first_bread,
          bloody_makhleb, uniq_robin, uniq_jessica

Skill      XL: |  1  2  3 |
---------------+----------+-----
Armour         | 1 2 |  2.1
Fighting       | 4 |  4.0
Axes           | |  4.9
Dodging        | |  2.7
Stealth        | |  1.5

Action                   |  1- 3 |  4- 6 || total
-------------------------+-------+-------++-------
Melee: Whip              |    98 |     1 ||    99
 Stab: Sleeping          |     4 |       ||     4
Armor: Robe              |    17 |       ||    17
       Leather armour    |     2 |       ||     2
Dodge: Dodged            |    81 |       ||    81

Table legend:
 A = Spawn XP
 B = Non-spawn XP
 C = Spawn XP percentage of total XP
 D = Spawn monster count
 E = Non-spawn monster count
 F = Spawn count percentage of total count
 G = Total turns spent on level
                    A         B        C        D         E        F      G
               +---------+---------+-------+---------+---------+-------+---------
         Total |       0 |      87 |   0.0 |       0 |      31 |   0.0 |   926
               +---------+---------+-------+---------+---------+-------+---------
           D:1 |       0 |      57 |   0.0 |       0 |      28 |   0.0 |   868
           D:2 |       0 |      30 |   0.0 |       0 |       3 |   0.0 |    58
               +---------+---------+-------+---------+---------+-------+---------
